details: 'everyone leaves but me and afk'

« prev index next »

General information

Mini Map

Players

team 1
HumanSpit.Your-Game (blue | 17 APM | 9 actions | 00:32)

» actions
Build / train4
Right click2
Select / deselect3
9 total
» units
Peasant4
4 total
Orcmtl514 (yellow | 3 APM | 8 actions | 03:10)

» actions
Build / train1
Enter build submenu1
Right click2
Select / deselect3
Use ability1
8 total
» units
Peon1
1 total
» buildings
Altar of Storms1
1 total
» build order
03:05 Altar of Storms
Random» NightElfwjddudtns (red | 41 APM | 26 actions | 00:38)

» actions
Build / train10
Enter build submenu1
Right click4
Select / deselect9
Use ability2
26 total
» units
Wisp10
10 total
» buildings
Moon Well1
1 total
» build order
00:28 Moon Well
HumanSTUPIDIDIOT (pink | 74 APM | 864 actions | 11:38)
Hero icon 3 Archmage
Ability icon 2 Summon Water Elemental
Ability icon 1 Brilliance Aura
Hero icon 2 Priestess of the Moon
Ability icon 1 Trueshot Aura
Ability icon 1 Scout
Hero icon 1 Blademaster
Ability icon 1 Wind Walk

» actions
Assign group hotkey16
Basic commands40
Build / train92
Enter build submenu50
Enter hero's abilities submenu7
Remove unit from queue2
Right click185
Select / deselect221
Select group hotkey197
Use ability54
864 total
» units
Peasant15
Wisp1
Archer12
Footman18
Peon9
Rifleman5
60 total
» upgrades
Defend2
Improved Bows1
Lumber Harvesting1
Swords2
Plating2
Masonry1
Animal War Training1
Strength of the Moon1
Moon Armor1
12 total
» buildings
Farm15
Altar of Kings3
Altar of Elders1
Ancient of War2
Moon Well3
Barracks5
Scout Tower2
Lumber Mill3
Orc Burrow2
Arcane Tower2
Keep2
Tree of Ages1
Blacksmith3
Hunter's Hall1
Castle1
Arcane Sanctum2
Tree of Life1
Stronghold1
War Mill1
Town Hall1
52 total
» build order
00:33 Farm
01:22 Altar of Kings
01:37 Altar of Elders
01:39 Ancient of War
01:43 Moon Well
01:50 Altar of Kings
01:51 Barracks
01:56 Altar of Kings
01:58 Farm
02:00 Farm
02:01 Farm
02:01 Farm
02:23 Barracks
02:25 Farm
02:45 Ancient of War
03:08 Scout Tower
03:10 Lumber Mill
03:17 Orc Burrow
03:27 Moon Well
03:38 Farm
03:39 Farm
03:44 Farm
03:47 Scout Tower
03:56 Arcane Tower
04:12 Farm
04:16 Farm
04:19 Keep
04:34 Moon Well
05:13 Keep
05:16 Tree of Ages
05:31 Barracks
05:33 Orc Burrow
05:42 Blacksmith
05:47 Barracks
06:35 Arcane Tower
06:36 Lumber Mill
07:39 Hunter's Hall
07:52 Farm
07:52 Farm
07:53 Farm
07:54 Farm
08:07 Castle
08:09 Barracks
08:12 Arcane Sanctum
08:13 Arcane Sanctum
08:16 Blacksmith
08:19 Blacksmith
08:44 Tree of Life
09:01 Stronghold
09:03 War Mill
09:20 Lumber Mill
10:21 Town Hall
team 2
Random» Humanseer4 (orange | 31 APM | 22 actions | 00:42)

» actions
Assign group hotkey4
Build / train6
Right click2
Select / deselect2
Select group hotkey8
22 total
» units
Peasant6
6 total
Random» OrcdkffprtmrkWkd (purple | 26 APM | 22 actions | 00:50)

» actions
Build / train2
Enter build submenu3
Right click4
Select / deselect10
Use ability3
22 total
» units
Peon2
2 total
» buildings
Barracks1
Orc Burrow1
Altar of Storms1
3 total
» build order
00:12 Barracks
00:15 Orc Burrow
00:28 Altar of Storms
Humangkjdfgh59867478 (green | 0 APM | 0 actions | 11:38)
Random» Orcurahomo (teal | 43 APM | 124 actions | 02:53)
Hero icon 1 Blademaster
Ability icon 1 Wind Walk

» actions
Build / train19
Enter build submenu9
Enter hero's abilities submenu1
Right click50
Select / deselect34
Use ability11
124 total
» units
Peon11
Grunt2
Peasant3
16 total
» buildings
Altar of Storms1
Orc Burrow2
Lumber Mill1
Scout Tower3
Farm1
Altar of Kings1
9 total
» build order
00:40 Altar of Storms
00:43 Orc Burrow
01:03 Lumber Mill
01:45 Orc Burrow
02:08 Scout Tower
02:10 Scout Tower
02:13 Scout Tower
02:37 Farm
02:40 Altar of Kings

Chat log

(00:27 / Allies) Spit.Your-Game: every single game

(11:23 / All) STUPIDIDIOT: gg
(11:31 / All) STUPIDIDIOT: you played well